 Dungeon Crawl Stone Soup version 0.21-a0-518-g43a1781 (webtiles) character file.

1309 KristoblXynda the Chopper (level 8, -4/61 HPs)
             Began as a White Draconian Gladiator on Dec 4, 2017.
             Hit by a stone thrown by an orc warrior (16 damage)
             ... on level 6 of the Dungeon.
             The game lasted 00:10:58 (5673 turns).

KristoblXynda the Chopper (DrGl)                    Turns: 5673, Time: 00:10:59

Health: -4/61      AC:  6    Str: 20    XL:     8   Next: 32%
Magic:  10/10      EV: 15    Int:  8    God:
Gold:   348        SH:  0    Dex: 12    Spells: 7/7 levels left

rFire    . . .     SeeInvis .   a - +0 war axe
rCold    + . .     Gourm    .   (no shield)
rNeg     . . .     Faith    .   (armour unavailable)
rPois    .         Spirit   .   b - +0 hat
rElec    .         Reflect  .   (no cloak)
rCorr    .         Harm     .   (no gloves)
MR       .....                  (no boots)
Stlth    +.........             f - amulet of rage
HPRegen  0.20/turn              l - ring of wizardry (curse)
MPRegen  0.12/turn              (no ring)

@: about to teleport
A: breathe frost, unfitting armour, cold resistance 1, cold-blooded, AC +6
a: Breathe Frost, Evoke Berserk Rage


You were on level 6 of the Dungeon.
You were not hungry.

You visited 1 branch of the dungeon, and saw 6 of its levels.

You collected 348 gold pieces.

Inventory:

Hand Weapons
 a - a +0 war axe (weapon)
 t - a +0 morningstar
Missiles
 c - 5 throwing nets (quivered)
Armour
 b - a +0 hat (worn)
Jewellery
 f - an amulet of rage (around neck)
 l - a cursed ring of wizardry (left hand)
 s - an uncursed amulet of faith
Wands
 x - a wand of iceblast (8)
Scrolls
 e - a scroll of fog {unknown}
 h - 4 scrolls of identify
 i - 3 scrolls of fear {unknown}
 j - 3 scrolls of teleportation
 m - 4 scrolls of remove curse {unknown}
 n - 2 scrolls of magic mapping {unknown}
 q - 3 scrolls of enchant armour {unknown}
 w - 2 scrolls of enchant weapon {unknown}
Potions
 g - 2 potions of curing
 k - 3 potions of agility
 r - 2 potions of cancellation {unknown}
Books
 v - a book of Cantrips

   Spells                             Type                      Level
   a - Confusing Touch                Hexes                        1
   b - Animate Skeleton               Necromancy                   1
   c - Summon Small Mammal            Summoning                    1
   d - Apportation                    Translocation                1
Comestibles
 d - 4 bread rations
 o - a royal jelly
 p - 5 chunks of flesh
 u - a fruit


   Skills:
 - Level 2.1 Fighting
 + Level 6.5 Axes
 - Level 4.1 Throwing
 + Level 6.0 Dodging
 + Level 3.7 Evocations


You had 7 spell levels left.
You didn't know any spells.

Dungeon Overview and Level Annotations

Branches:
Dungeon (6/15)
 Temple: D:4-7

Altars:
Vehumet
Zin


Innate Abilities, Weirdness & Mutations

You can breathe waves of freezing cold.
You can buffet flying creatures when you breathe cold.
Your icy white scales are hard. (AC +6)
You cannot fit into any form of body armour.
Your flesh is cold resistant. (rC+)
You are cold-blooded and may be slowed by cold attacks.


Message History

An orc warrior comes into view. It is wielding a scimitar.
The orc warrior throws a stone.
The stone hits you but does no damage.
Found a metal-bound book.
Items here: ( ) [ † a stone; a club; a robe; a jackal corpse The orc warrior throws a stone.
The stone barely misses you.
The orc warrior throws a stone.
The stone misses you.
You see here a bullfrog corpse.
You butcher the bullfrog corpse.
The orc warrior throws a stone.
The stone hits you!
* * * LOW HITPOINT WARNING * * *
Things that are here:
a stone; 2 chunks of flesh; a bullfrog skeleton
p - 5 chunks of flesh (gained 2)
The orc warrior throws a stone.
The stone completely misses you.
Okay, then.
As you read the scroll of teleportation, it crumbles to dust.
You feel strangely unstable.
The orc warrior throws a stone.
The stone hits you!
You die...

#.## # # ###...
#..##### .# #.##
#######......# #.#. #.#
####............##..:.
#.#
#.....................
#.#
#.##.####...._........
.#
#.##.##....(()......#.
..
#.##.##.#..(((........
##.##.##.#..)@(........
#...#.......##.......#.
#...####.#####...(.o.#
#...# #. #######.#
##.## # # #.# #.# #.#
#.# ##


You could see an orc warrior.

Vanquished Creatures
  A sky beast (D:4)
  A phantom (D:4)
  2 ogres
  2 bullfrogs
  A scorpion (D:5)
  A crimson imp (D:5)
  A hound (D:5)
  A jelly (D:5)
  5 bullfrog skeletons
  4 orc priests
  A gnoll shaman (D:5)
  An orc wizard (D:6)
  A centaur skeleton (D:4)
  4 worker ants
  A worker ant zombie (D:5)
  A howler monkey skeleton (D:6)
  4 gnolls (D:5)
  5 adders
  A shadow imp (D:6)
  An adder skeleton (D:4)
  2 worms
  5 dart slugs
  5 leopard geckos
  11 orcs
  5 giant cockroaches
  10 hobgoblins
  16 jackals
  A quokka (D:2)
  6 bats
  10 frilled lizards
  12 goblins
  A jackal zombie (D:6)
  6 kobolds
  A leopard gecko skeleton (D:4)
  7 rats
137 creatures vanquished.

Notes
Turn   | Place    | Note
-------+----------+-------------------------------------------
     0 | D:1      | KristoblXynda the Draconian Gladiator began the quest for the Orb.
     0 | D:1      | Reached XP level 1. HP: 17/17 MP: 1/1
    91 | D:1      | Reached XP level 2. HP: 24/24 MP: 2/2
   485 | D:1      | Reached XP level 3. HP: 18/29 MP: 3/3
  1223 | D:2      | Reached XP level 4. HP: 36/36 MP: 4/4
  1495 | D:3      | Reached XP level 5. HP: 32/41 MP: 5/5
  2621 | D:4      | Noticed a sky beast
  2631 | D:4      | Killed a sky beast
  2631 | D:4      | Reached XP level 6. HP: 13/48 MP: 6/6
  3252 | D:4      | Reached skill level 5 in Axes
  3548 | D:4      | Reached skill level 1 in Evocations
  3548 | D:4      | Your scales start taking on an icy white colour.
  3548 | D:4      | Reached XP level 7. HP: 42/55 MP: 7/7
  3548 | D:4      | Gained mutation: Your flesh is cold resistant. (rC+) [White Draconian growth]
  3747 | D:5      | Entered Level 5 of the Dungeon
  3756 | D:5      | Reached skill level 5 in Dodging
  5042 | D:6      | Reached XP level 8. HP: 12/61 MP: 10/10
  5470 | D:6      | Found a radiant altar of Vehumet.
  5649 | D:6      | Found a glowing silver altar of Zin.
  5673 | D:6      | Hit by a stone thrown by an orc warrior

Vault maps used:
D:1:      zaba_arrival_water
D:2:      minmay_randomly_rotated_circles
D:5:      first_bread
D:6:      basic_altar, vehumet_altar_wand_db

Skill      XL: |  1  2  3  4  5  6  7  8 |
---------------+-------------------------+-----
Throwing       | 2 3 4 |  4.1
Dodging        | 3 4 5 6 |  6.0
Axes           | 4 5 6 |  6.5
Evocations     | 1 2 3 |  3.7
Fighting       | |  2.1

Action                   |  1- 3 |  4- 6 |  7- 9 || total
-------------------------+-------+-------+-------++-------
Melee: War axe           |   123 |   163 |   136 ||   422
       Tailslap          |     9 |    18 |    20 ||    47
 Abil: Evoke Berserk Rag |       |     1 |     3 ||     4
       Breathe Frost     |       |       |     1 ||     1
  Use: Scroll            |       |     8 |     2 ||    10
       Potion            |       |     2 |     1 ||     3
  Eat: Chunk             |     1 |     4 |    10 ||    15
       Bread ration      |       |     1 |       ||     1
Armor: Skin              |    25 |    45 |    38 ||   108
Dodge: Dodged            |   132 |   123 |   106 ||   361

Table legend:
 A = Spawn XP
 B = Non-spawn XP
 C = Spawn XP percentage of total XP
 D = Spawn monster count
 E = Non-spawn monster count
 F = Spawn count percentage of total count
 G = Total turns spent on level
                    A         B        C        D         E        F      G
               +---------+---------+-------+---------+---------+-------+---------
         Total |       0 |    1871 |   0.0 |       0 |     137 |   0.0 |  5673
               +---------+---------+-------+---------+---------+-------+---------
           D:1 |       0 |      54 |   0.0 |       0 |      31 |   0.0 |   809
           D:2 |       0 |     105 |   0.0 |       0 |      27 |   0.0 |   892
           D:3 |       0 |     168 |   0.0 |       0 |      21 |   0.0 |  1029
           D:4 |       0 |     524 |   0.0 |       0 |      20 |   0.0 |  1017
           D:5 |       0 |     535 |   0.0 |       0 |      18 |   0.0 |  1245
           D:6 |       0 |     485 |   0.0 |       0 |      20 |   0.0 |   681
               +---------+---------+-------+---------+---------+-------+---------
